 Dungeon Crawl Stone Soup version 0.20.1-1-g8b1a95d (webtiles) character file.

4102 Folque the Destroyer (level 10, 0/63 HPs)
             Began as an Octopode Wizard on Oct 29, 2017.
             Was a Follower of Vehumet.
             Slain by an orc warrior
             ... wielding a +0 long sword
              (20 damage)
             ... on level 1 of the Orcish Mines on Oct 30, 2017.
             The game lasted 01:28:44 (9697 turns).

Folque the Destroyer (Octopode Wizard)              Turns: 9697, Time: 01:28:45

Health: 0/63       AC:  3    Str:  6    XL:     10   Next: 26%
Magic:  15/21      EV: 13    Int: 24    God:    Vehumet [*.....]
Gold:   577        SH:  0    Dex: 11    Spells: 12/24 levels left

rFire    + . .     SeeInvis +   l - +1 spear (vamp)
rCold    + . .     Gourm    .   (no shield)
rNeg     . . .     Faith    .   a - +2 hat
rPois    .         Spirit   .   s - amulet of regeneration
rElec    .         Reflect  .   f - ring of protection from fire
rCorr    .         Harm     .   y - ring of protection from cold
MR       .....                  I - ring of see invisible
Stlth    +++.......             (no ring)
Regen    0.6/turn               (no ring)
MPRegen  0.2/turn               (no ring)
                                (no ring)
                                (no ring)

@: drained
A: almost no armour, stealthy swim, amphibious, 8 rings, constrict 8, camouflage
1, gelatinous body 1
a: Renounce Religion


You were on level 1 of the Orcish Mines.
You worshipped Vehumet.
Vehumet was aware of your devotion.
You were not hungry.

You visited 3 branches of the dungeon, and saw 11 of its levels.

You collected 577 gold pieces.

Inventory:

Hand Weapons
 d - a +0 dagger
 l - a +1 vampiric spear (weapon)
 n - a +1 dagger of flaming
 q - a +2 spear
 t - a +0 trident
 O - the +5 falchion of the Middle {slice, rC+ Str+4 Dex-5, unknown}
   (You took it off an orc on level 9 of the Dungeon)

   It inflicts extra damage upon your enemies.
   It affects your strength (+4).
   It affects your dexterity (-5).
   It protects you from cold.
Missiles
 u - 15 tomahawks (quivered)
Armour
 a - a +2 hat (worn)
Jewellery
 f - a ring of protection from fire (left tentacle)
 s - an amulet of regeneration (around mantle)
 y - a ring of protection from cold (right tentacle)
 E - an uncursed amulet of rage {unknown}
 I - a ring of see invisible (on tentacle)
 L - an uncursed amulet of guardian spirit {unknown}
Wands
 p - a wand of enslavement (12/24)
 x - a wand of confusion (9/48)
 D - a wand of lightning (0/15)
Scrolls
 e - 2 scrolls of teleportation
 g - a scroll of amnesia
 i - 2 scrolls of immolation
 j - a scroll of identify
 F - 2 scrolls of enchant armour
 G - 2 scrolls of magic mapping
Potions
 k - 2 potions of haste
 m - 2 potions of flight
 v - 2 potions of heal wounds
 w - 2 potions of might {unknown}
 z - 2 potions of resistance {unknown}
 A - a potion of cancellation {unknown}
 B - 3 potions of lignification
 C - 3 potions of curing
 H - a potion of ambrosia {unknown}
 M - a potion of agility {unknown}
 N - a potion of brilliance {unknown}
Books
 b - a book of Minor Magic

   Spells                             Type                      Level
   a - Magic Dart                     Conjuration                  1
   b - Blink                          Translocation                2
   c - Call Imp                       Summoning                    2
   d - Slow                           Hexes                        2
   e - Conjure Flame                  Conjuration/Fire             3
   f - Mephitic Cloud                 Conjuration/Poison/Air       3
 J - a book of Callings

   Spells                             Type                      Level
   a - Summon Small Mammal            Summoning                    1
   b - Call Imp                       Summoning                    2
   c - Call Canine Familiar           Summoning                    3
   d - Summon Guardian Golem          Hexes/Summoning              3
   e - Summon Lightning Spire         Summoning/Air                4
   f - Summon Ice Beast               Ice/Summoning                4
Comestibles
 c - 3 bread rations
 h - 3 meat rations
 o - 2 royal jellies
 r - 26 fruits
 K - 5 chunks of flesh


   Skills:
 - Level 3.0(2.5) Fighting
 - Level 4.0(3.6) Polearms
 - Level 2.0(1.6) Dodging
 - Level 2.6(2.2) Stealth
 + Level 7.6(7.1) Spellcasting
 - Level 8.1(7.7) Conjurations
 * Level 5.2(4.8) Summonings
 - Level 1.0(0.6) Translocations
 + Level 3.1(2.7) Air Magic
 - Level 5.2(4.8) Poison Magic


You had 12 spell levels left.
You knew the following spells:

 Your Spells              Type           Power        Failure   Level  Hunger
a - Magic Dart            Conj           ####         1%          1    None
b - Call Imp              Summ           ####....     1%          2    None
c - Blink                 Tloc           N/A          9%          2    None
d - Mephitic Cloud        Conj/Pois/Air  ####....     2%          3    None
e - Summon Lightning Spi  Summ/Air       ####....     16%         4    ###....


Dungeon Overview and Level Annotations

Branches:
Dungeon (9/15)             Temple (1/1) D:7             Orc (1/2) D:9
   Lair: D:8-11

Altars:
Ashenzari
Cheibriados
Dithmenos
Elyvilon
Fedhas
Gozag
Hepliaklqana
Kikubaaqudgha
Makhleb
Nemelex Xobeh
Okawaru
Qazlal
Ru
Sif Muna
Trog
Uskayaw
Vehumet
Xom
Yredelemnul
Zin
The Shining One
Beogh

Shops:
D:7 [   D:9 %

Annotations:
D:4 exclusion: oklob plant


Innate Abilities, Weirdness & Mutations

You cannot wear most types of armour.
You are very stealthy in the water. (Stealth+)
You are amphibious.
You can wear up to eight rings at the same time.
You can use your tentacles to constrict eight enemies at once.
Your skin changes colour to match your surroundings (Stealth+).
Your rubbery body absorbs attacks. (AC +1, EV +1)


Message History

You feel strangely unstable.
You feel a bit more experienced.
An orc comes into view. It is wielding a short sword.
The orc throws a tomahawk.
The tomahawk hits you but does no damage.
Found 22 gold pieces.
There is a stone staircase leading down here.
You see here a tomahawk.
Your surroundings suddenly seem different.
Found 12 gold pieces.
An orc comes into view. It is wielding a mace.
The orc shouts!
The orc warrior shouts!
The orc shouts!
The orc wizard casts a spell at you. The magic dart hits you!
You see here 12 gold pieces.
The orc wizard gestures at you while chanting.
The magic dart hits you! The orc hits you with a mace.
The orc closely misses you.
The orc warrior hits you with a long sword!!
You die...

##.#......# #.........
#........## #.........
##.#..o...##..........
##.........o.o.......
##..$o.......#........
#...........#...o.....
##.#ooo.....o....o....
#..#...o...#....
#.......@.#......
##..............
###.#...........
##.............
#..............
#..............
##....#.........
#..............
#.............


You could see 3 orc warriors, 2 orc wizards and 3 orcs.

Vanquished Creatures
  A two-headed ogre (D:8)
  Joseph (D:7)
  A water moccasin (D:7)
  An ice beast (D:8)
  An orc warrior (D:5)
  A sky beast (D:6)
  2 phantoms
  2 ogres
  A centaur (D:6)
  2 big kobolds
  6 bullfrogs
  The ghost of ThereIsNoGod the Shield-Bearer, a weakling TrFi (D:3)
  A killer bee (D:9)
  A howler monkey (D:7)
  3 bullfrog zombies
  A bullfrog skeleton (D:5)
  2 hounds (D:4)
  An iguana (D:8)
  3 orc priests
  5 orc wizards
  4 worker ants
  A hound zombie (D:8)
  A hound skeleton (D:4)
  A worker ant zombie (D:8)
  A gnoll (D:8)
  A howler monkey skeleton (D:5)
  9 adders
  3 shadow imps
  An ooze (D:1)
  An adder zombie (D:6)
  3 adder skeletons
  4 dart slugs
  6 leopard geckos
  27 orcs
  3 giant cockroaches
  9 goblins
  7 hobgoblins
  6 jackals
  5 quokkas
  5 ball pythons
  13 bats
  2 frilled lizards
  10 kobolds
  A leopard gecko zombie (D:7)
  9 rats
170 creatures vanquished.

Vanquished Creatures (collateral kills)
  A two-headed ogre (D:9)
  A sky beast (D:9)
  2 ice beasts
  2 orc warriors
  An ogre (D:6)
  2 bullfrogs
  2 scorpions
  3 killer bees (D:9)
  2 howler monkeys (D:7)
  An orc priest (D:5)
  2 jellies (D:5)
  A hound (D:4)
  3 orc wizards
  A centaur skeleton (D:4)
  An iguana (D:8)
  3 worker ants
  A hound zombie (D:5)
  2 adders (D:2)
  2 gnolls (D:8)
  A worm (D:2)
  A leopard gecko (D:7)
  13 orcs
  A giant cockroach (D:8)
  A hobgoblin (D:3)
  4 jackals (D:2)
  3 kobolds (D:7)
  2 frilled lizards
  A rat (D:1)
60 creatures vanquished.

Vanquished Creatures (others)
  An orc warrior (Orc:1)
1 creature vanquished.

Grand Total: 231 creatures vanquished

Notes
Turn   | Place    | Note
-------+----------+-------------------------------------------
     0 | D:1      | Folque the Octopode Wizard began the quest for the Orb.
     0 | D:1      | Reached XP level 1. HP: 11/11 MP: 4/4
   212 | D:1      | Reached skill level 1 in Fighting
   238 | D:1      | Reached XP level 2. HP: 11/18 MP: 0/6
   242 | D:1      | Learned a level 2 spell: Call Imp
   245 | D:1      | Learned a level 2 spell: Blink
   414 | D:1      | Reached XP level 3. HP: 21/24 MP: 1/7
  1132 | D:2      | Reached XP level 4. HP: 30/30 MP: 2/9
  1238 | D:2      | Found an opulent altar of Gozag.
  2015 | D:3      | Reached skill level 2 in Conjurations
  2113 | D:3      | Reached XP level 5. HP: 28/36 MP: 7/10
  2195 | D:3      | Noticed ThereIsNoGod's ghost (weakling TrFi)
  2330 | D:3      | Killed ThereIsNoGod's ghost
  2330 | D:3      | Reached skill level 3 in Conjurations
  2335 | D:3      | Learned a level 3 spell: Mephitic Cloud
  2630 | D:2      | Reached skill level 1 in Poison Magic
  2852 | D:3      | Reached XP level 6. HP: 39/42 MP: 12/12
  3151 | D:4      | Found a blossoming altar of Fedhas.
  3163 | D:4      | Noticed an oklob plant
  3550 | D:4      | Reached XP level 7. HP: 43/46 MP: 6/13
  3568 | D:5      | Entered Level 5 of the Dungeon
  3920 | D:6      | Reached skill level 5 in Poison Magic
  4184 | D:4      | Reached skill level 5 in Spellcasting
  4184 | D:4      | Reached skill level 4 in Conjurations
  4776 | D:5      | Reached XP level 8. HP: 52/52 MP: 10/15
  5061 | D:5      | Reached skill level 5 in Conjurations
  5132 | D:5      | Found a sacrificial altar of Ru.
  5655 | D:6      | Reached skill level 6 in Conjurations
  5663 | D:6      | Reached skill level 1 in Polearms
  6264 | D:7      | Reached skill level 7 in Conjurations
  6264 | D:7      | Reached XP level 9. HP: 54/56 MP: 15/18
  6397 | D:7      | Found a staircase to the Ecumenical Temple.
  6422 | Temple   | Entered the Ecumenical Temple
  6500 | Temple   | Became a worshipper of Vehumet
  6616 | D:7      | Found Etyteoff's Armour Shop.
  6872 | D:7      | Noticed Joseph
  6967 | D:7      | Killed Joseph
  7098 | D:7      | Reached skill level 8 in Conjurations
  7458 | D:8      | Found a shimmering altar of Xom.
  7460 | D:8      | Found a shadowy altar of Dithmenos.
  7461 | D:8      | Found a deep blue altar of Sif Muna.
  7461 | D:8      | Found a shattered altar of Ashenzari.
  7462 | D:8      | Found a sparkling altar of Nemelex Xobeh.
  7462 | D:8      | Found an iron altar of Okawaru.
  7463 | D:8      | Found a white marble altar of Elyvilon.
  7584 | D:8      | Learned a level 4 spell: Summon Lightning Spire
  7711 | D:8      | Found a glowing golden altar of the Shining One.
  7772 | D:8      | Noticed a two-headed ogre
  8232 | D:9      | Reached skill level 1 in Air Magic
  8233 | D:9      | Reached * piety under Vehumet
  8233 | D:9      | Offered knowledge of Flame Tongue by Vehumet.
  8236 | D:9      | Noticed a two-headed ogre
  8689 | D:8      | Killed a two-headed ogre
  8689 | D:8      | Reached XP level 10. HP: 63/63 MP: 3/20
  9045 | D:9      | Found a staircase to the Orcish Mines.
  9300 | D:9      | Killed a two-headed ogre
  9300 | D:9      | Reached skill level 5 in Summonings
  9392 | D:9      | Found Faok's Food Shoppe.
  9478 | D:9      | Got a crude falchion {slice}
  9632 | Orc:1    | Entered Level 1 of the Orcish Mines
  9663 | Orc:1    | Found a roughly hewn altar of Beogh.
  9678 | Orc:1    | Noticed an orc sorcerer
  9697 | Orc:1    | Slain by an orc warrior

Skill      XL: |  1  2  3  4  5  6  7  8  9 10 |
---------------+-------------------------------+-----
Fighting       | 1 2 3 |  3.0
Conjurations   | 2 3 4 7 8 |  8.1
Spellcasting   | 4 5 6 7 |  7.6
Poison Magic   | 1 4 5 |  5.2
Polearms       | 2 4 |  4.0
Summonings     | 4 5 |  5.2
Air Magic      | 2 3 |  3.1
Dodging        | |  2.0
Stealth        | |  2.6
Translocations | |  1.0

Action                   |  1- 3 |  4- 6 |  7- 9 | 10-12 || total
-------------------------+-------+-------+-------+-------++-------
Melee: Dagger            |    53 |     7 |       |       ||    60
       Tentacles         |     6 |    19 |    41 |     8 ||    74
       Constrict         |     9 |    29 |    44 |     5 ||    87
       Spear             |       |   167 |   361 |    39 ||   567
       Trident           |       |    25 |       |       ||    25
Throw: Tomahawk          |       |       |     2 |       ||     2
 Cast: Magic Dart        |    36 |    40 |   103 |    12 ||   191
       Call Imp          |     6 |    28 |    81 |     1 ||   116
       Blink             |       |     3 |     4 |       ||     7
       Mephitic Cloud    |       |     2 |    22 |     5 ||    29
       Summon Lightning  |       |       |     2 |     5 ||     7
Evoke: Wand              |       |       |     6 |     1 ||     7
  Use: Scroll            |     1 |     9 |    14 |     4 ||    28
 Stab: Sleeping          |     4 |     8 |     8 |     1 ||    21
       Distracted        |       |     2 |       |     1 ||     3
       Confused          |       |       |     4 |     2 ||     6
  Eat: Chunk             |     1 |     8 |    16 |     3 ||    28
       Bread ration      |       |       |     1 |       ||     1
       Fruit             |       |       |     1 |       ||     1
       Meat ration       |       |       |       |     1 ||     1
Armor: Skin              |     2 |    22 |    24 |     3 ||    51
Dodge: Dodged            |    31 |   107 |   149 |    22 ||   309
